 Dungeon Crawl Stone Soup version 0.24.0-2-g5b39cebb1c (webtiles) character file.

Game seed: 5371239060272802807, levelgen mode: deterministic

25263 Mrkan the Grappler (level 12, -1/124 HPs)
             Began as a Troll Monk on Oct 30, 2019.
             Was the Champion of Okawaru.
             Slain by a wolf spider (11 damage)
             ... on level 9 of the Dungeon.
             The game lasted 00:30:26 (11435 turns).

Mrkan the Grappler (Troll Monk)                    Turns: 11435, Time: 00:30:26

Health: -1/124     AC: 15    Str: 22    XL:     12   Next: 88%
Magic:  12/14      EV:  7    Int: 10    God:    Okawaru [******]
Gold:   957        SH: 14    Dex: 12    Spells: 8/11 levels left

rFire    . . .     SeeInvis +     - Unarmed
rCold    + + +     Gourm    +   T - +0 large shield
rNeg     . . .     Faith    .   y - +4 skin of Zhor {Hibernate rC+++ SInv}
rPois    +         Spirit   .   (helmet restricted)
rElec    .         Reflect  .   q - +2 cloak
rCorr    .         Harm     .   (gloves unavailable)
MR       .....                  (boots unavailable)
Stlth    ++........             (no amulet)
HPRegen  0.70/turn              P - ring of poison resistance
MPRegen  0.14/turn              R - +2 ring of protection

@: no status effects
A: large, unfitting armour, claws 3, fast metabolism 3, gourmand, regeneration
1, shaggy fur 1, tough skin 3
a: Heroism, Finesse, Renounce Religion


You were on level 9 of the Dungeon.
You worshipped Okawaru.
Okawaru was exalted by your worship.
You were full.

You visited 2 branches of the dungeon, and saw 14 of its levels.

You collected 957 gold pieces.

Inventory:

Hand Weapons
 N - the +10 glaive "Silogh" {venom, Int+3}
   (Okawaru gifted it to you on level 11 of the Dungeon)

   It poisons the flesh of those it strikes.
   It affects your intelligence (+3).
Missiles
 a - 13 silver javelins (quivered)
 e - 16 datura-tipped darts
 w - 4 throwing nets
 B - 8 javelins
 U - 4 curare-tipped darts
 X - 6 atropa-tipped darts
Armour
 q - a +2 cloak (worn)
 y - the +4 skin of Zhor (worn) {Hibernate rC+++ SInv}
   (You found it on level 4 of the Dungeon)

   It renders you almost immune to cold.
   It lets you see invisible.
 T - a +0 large shield (worn)
Jewellery
 s - an uncursed ring of see invisible
 u - an uncursed ring of protection from cold
 C - an uncursed ring of fire
 O - an uncursed ring of flight {unknown}
 P - a ring of poison resistance (left claw)
 R - a +2 ring of protection (right claw)
Wands
 l - a wand of clouds (5)
 o - a wand of paralysis (8)
 D - a wand of flame (13)
 H - a wand of iceblast (14)
 K - a wand of polymorph (4)
 L - a wand of scattershot (12)
Scrolls
 c - 4 scrolls of blinking
 d - 4 scrolls of random uselessness
 g - 4 scrolls of teleportation
 j - 3 scrolls of magic mapping
 k - a scroll of remove curse
 n - 3 scrolls of immolation
 A - 3 scrolls of fog
 E - 4 scrolls of enchant weapon
 G - 2 scrolls of silence {unknown}
 J - 2 scrolls of identify
 Q - a scroll of fear
 S - a scroll of enchant armour {unknown}
 Y - a scroll of amnesia
Potions
 f - 3 potions of flight {unknown}
 h - 5 potions of curing
 i - a potion of heal wounds
 m - 4 potions of haste
 p - 3 potions of berserk rage
 r - 5 potions of mutation
 t - 5 potions of ambrosia
 v - a potion of lignification {unknown}
 x - a potion of magic
 I - a potion of might
 M - a potion of resistance {unknown}
 V - 2 potions of invisibility {unknown}
Comestibles
 b - 32 rations


   Skills:
 + Level 9.5 Fighting
 - Level 8.0 Throwing
 - Level 2.4 Dodging
 - Level 1.0 Stealth
 + Level 4.1 Shields
 * Level 14.9 Unarmed Combat
 + Level 5.2 Invocations


You had 8 spell levels left.
You knew the following spells:

 Your Spells              Type           Power        Failure   Level  Hunger
a - Infusion              Chrm           #...         98%         1    ##.....
b - Song of Slaying       Chrm           #.......     99%         2    ###....

Your spell library contained the following spells:

 Spells                   Type           Power        Failure   Level  Hunger
 Animate Skeleton         Necr           N/A          98%         1    ##.....
 Apportation              Tloc           #.....       98%         1    ##.....
 Confusing Touch          Hex            #.....       98%         1    ##.....
 Magic Dart               Conj           #...         98%         1    ##.....
 Summon Small Mammal      Summ           #...         98%         1    ##.....
 Blink                    Tloc           N/A          99%         2    ###....
 Call Imp                 Summ           #.......     99%         2    ###....
 Shroud of Golubria       Chrm/Tloc      #.....       99%         2    ###....
 Slow                     Hex            #.......     99%         2    ###....
 Conjure Flame            Conj/Fire      #.......     100%        3    ####...
 Mephitic Cloud           Conj/Pois/Air  #.......     100%        3    ####...
 Regeneration             Chrm/Necr      #.........   100%        3    ####...
 Spectral Weapon          Hex/Chrm       #.......     100%        3    ####...


Dungeon Overview and Level Annotations

Branches:
Dungeon (13/15)            Temple (0/1) D:4            Lair (1/6) D:9
    Orc (0/2) D:11         Vaults (0/5) D:13

Altars:
Ashenzari
Elyvilon
Gozag
Hepliaklqana
Okawaru
Xom
Yredelemnul

Shops:
D:6 [

Portals:
Trove: D:10 (give 8 potions of agility)


Innate Abilities, Weirdness & Mutations

You are too large for most types of armour.
You have claws for hands.
Your metabolism is lightning-fast.
You like to eat raw meat.
Your natural rate of healing is unusually fast.
You are covered in fur. (AC +1)
You have extremely tough skin. (AC +3)


Message History

You hear the loud beating of a very distant drum.
You hear the slow rumble of a very distant avalanche of rocks.
You block the wolf spider's attack. x2
You block the wolf spider's attack. x2
The wolf spider misses you. The wolf spider bites you.
* * * LOW HITPOINT WARNING * * *
You feel like a meek peon again. The wolf spider hits you.
* * * LOW HITPOINT WARNING * * *
The wolf spider bites you but does no damage.
There is a staircase back to the Dungeon here.
You block the wolf spider's attack. x2; The wolf spider barely misses you.
You block the wolf spider's attack.
You climb upwards.
Welcome back to the Dungeon!
You radiate an aura of cold.
The wolf spider resists.
There is a staircase to the Lair here.
You claw the wolf spider!
The wolf spider is lightly wounded.
You block the wolf spider's attack. The wolf spider bites you!
You die...

#...####.PP.P..####.........
#.####.P.......P.###.#..#...
#.##..P...PP.PP....#.#....#.
##...P..PP..PP..P.PP....##...
#...P...PPP.PP.PPP.P..######.
#..P....PPP...P.PPP....# ##
#..P.PPP.P.PPP.P.PPP...# #
#..).PPPP.PsPP.PPPP....# #
#####....P.P.PPP@.P..P.P...# #
.....>.P.........PP.PP.P.P.# ###
........PPPPPPPPPP.PP.P...P# #..
......#.....P.P.P.PP.P..P..####.#
......#P..P.PPPP.PP.P..P........#
.....####.P...PP.P.PP...#.#######
.....# ##.......P........#
.....#####.##..P...P#######
######.....#..##...##


You could see a wolf spider.

Vanquished Creatures
  Azrael (D:12)
  Harold (D:7)
  2 two-headed ogres
  Urug (D:13)
  Sonja (D:11)
  2 unseen horrors
  A wizard (D:13)
  Pikel (D:5)
  A necromancer (D:13)
  A cyclops (D:11)
  An ugly thing (D:11)
  A manticore (D:12)
  Maurice (D:8)
  Psyche (D:8)
  A gargoyle (D:12)
  A yaktaur (D:11)
  2 kobold demonologists (D:12)
  A centaur skeleton (D:11)
  3 trolls
  A hornet (D:7)
  A queen bee (shapeshifter) (D:11)
  2 slime creatures (D:12)
  A hippogriff (D:12)
  A shadow (D:13)
  16 yaks
  2 wraiths
  Eustachio (D:6)
  2 vampires
  Grum (D:8)
  4 fire elementals (D:12)
  2 hungry ghosts
  6 vampire mosquitoes
  A steam dragon (D:8)
  2 insubstantial wisps (D:8)
  An acid dragon (D:11)
  A hell hound (D:12)
  2 porcupines
  6 sky beasts
  6 orc warriors
  4 black bears
  6 ogres
  A phantom (D:5)
  2 ice beasts
  2 slaves (D:5)
  2 wolves (D:8)
  7 centaurs
  4 big kobolds
  12 bullfrogs
  5 scorpions
  3 wyvern skeletons
  16 killer bees
  8 wights (D:12)
  8 howler monkeys
  8 crimson imps
  A quasit (D:6)
  2 centaur zombies
  4 jellies
  12 orc wizards
  5 orc priests
  8 hounds
  Crazy Yiuf (D:7)
  5 bullfrog skeletons
  4 iguanas
  7 worker ants
  2 hound skeletons
  Robin (D:3)
  11 adders
  7 gnolls
  An ooze (D:1)
  An adder skeleton (D:6)
  7 worms
  4 dart slugs
  2 leopard geckos
  62 orcs
  2 ball pythons
  11 bats
  4 giant cockroaches
  7 hobgoblins
  8 jackals
  8 quokkas
  4 frilled lizards
  17 goblins
  22 kobolds
  A leopard gecko skeleton (D:4)
  A leopard gecko zombie (D:5)
  15 rats
  4 fungi
  A plant (D:9)
423 creatures vanquished.

Vanquished Creatures (others)
  A goblin (D:3)
  A frilled lizard (D:3)
  4 fungi (Lair:1)
  6 plants (Lair:1)
12 creatures vanquished.

Grand Total: 435 creatures vanquished

Notes
Turn   | Place    | Note
-------+----------+-------------------------------------------
     0 | D:1      | Mrkan the Troll Monk began the quest for the Orb.
     0 | D:1      | Reached XP level 1. HP: 22/22 MP: 0/0
   186 | D:1      | Reached XP level 2. HP: 28/29 MP: 1/1
   516 | D:1      | Reached skill level 1 in Throwing
   516 | D:1      | Reached XP level 3. HP: 36/36 MP: 2/2
   758 | D:2      | Reached skill level 4 in Unarmed Combat
   763 | D:2      | Reached XP level 4. HP: 16/44 MP: 3/3
  1177 | D:2      | Reached XP level 5. HP: 47/53 MP: 4/4
  1623 | D:3      | Reached skill level 5 in Unarmed Combat
  1636 | D:3      | Noticed Robin
  1658 | D:3      | Killed Robin
  1709 | D:3      | Reached XP level 6. HP: 41/61 MP: 5/5
  2327 | D:4      | Found an iron altar of Okawaru.
  2340 | D:4      | Became a worshipper of Warmaster Okawaru
  2340 | D:4      | Reached * piety under Okawaru
  2340 | D:4      | Reached ** piety under Okawaru
  2375 | D:4      | Found a staircase to the Ecumenical Temple.
  2506 | D:4      | Found the +4 skin of Zhor {Hibernate rC+++ SInv}
  2558 | D:4      | Reached skill level 6 in Unarmed Combat
  2649 | D:4      | Reached XP level 7. HP: 68/68 MP: 6/6
  3001 | D:5      | Entered Level 5 of the Dungeon
  3107 | D:5      | Noticed Pikel
  3125 | D:5      | Killed Pikel
  3125 | D:5      | Reached *** piety under Okawaru
  3125 | D:5      | Reached skill level 7 in Unarmed Combat
  3125 | D:5      | Reached XP level 8. HP: 75/79 MP: 7/7
  3183 | D:5      | Reached skill level 8 in Unarmed Combat
  3201 | D:5      | Received a gift from Okawaru
  3237 | D:5      | Reached skill level 5 in Fighting
  3751 | D:6      | Reached skill level 5 in Throwing
  3787 | D:6      | Noticed Eustachio
  3817 | D:6      | Killed Eustachio
  3817 | D:6      | Received a gift from Okawaru
  3817 | D:6      | Reached XP level 9. HP: 83/88 MP: 8/8
  3849 | D:6      | Found Nogam's Armour Emporium.
  3887 | D:6      | Reached **** piety under Okawaru
  3887 | D:6      | Reached skill level 9 in Unarmed Combat
  4042 | D:6      | Found a basalt altar of Yredelemnul.
  4369 | D:7      | Noticed Harold
  4399 | D:7      | Killed Harold
  4399 | D:7      | Reached ***** piety under Okawaru
  4399 | D:7      | Reached skill level 10 in Unarmed Combat
  4575 | D:7      | Reached XP level 10. HP: 100/100 MP: 9/9
  4922 | D:7      | Found a runed translucent door.
  4923 | D:7      | Noticed Crazy Yiuf
  5031 | D:7      | Found an opulent altar of Gozag.
  5031 | D:7      | Found a shimmering altar of Xom.
  5031 | D:7      | Found a shattered altar of Ashenzari.
  5099 | D:7      | Killed Crazy Yiuf
  5158 | D:8      | Reached skill level 11 in Unarmed Combat
  5166 | D:8      | Noticed Maurice
  5187 | D:8      | Received a gift from Okawaru
  5198 | D:8      | Killed Maurice
  5313 | D:8      | Got a crude hunting sling {god gift}
  5341 | D:8      | Noticed Psyche
  5349 | D:8      | Killed Psyche
  5495 | D:8      | Noticed Grum
  5509 | D:8      | Killed Grum
  5937 | D:8      | Found a white marble altar of Elyvilon.
  6189 | D:9      | Reached skill level 12 in Unarmed Combat
  6554 | D:9      | Found a staircase to the Lair.
  6587 | D:9      | Reached XP level 11. HP: 93/109 MP: 10/10
  6685 | D:9      | Got a faintly glowing ruby amulet
  6743 | D:9      | Identified the amulet of Kikubaaqudgha's Whim {Inacc
                  | Fragile rF+ SInv} (You found it on level 9 of the Dungeon)
  6784 | D:10     | Entered Level 10 of the Dungeon
  7076 | D:10     | Received a gift from Okawaru
  7150 | D:10     | Reached ****** piety under Okawaru
  7274 | D:10     | Learned a level 1 spell: Infusion
  7277 | D:10     | Learned a level 2 spell: Song of Slaying
  7356 | D:10     | Found a portal to a secret trove of treasure.
  7674 | D:11     | Noticed an unseen horror
  7681 | D:11     | an unseen horror changed into a queen bee
  7696 | D:11     | Reached skill level 13 in Unarmed Combat
  7696 | D:11     | Reached skill level 1 in Invocations
  7794 | D:11     | Found a hazy altar of Hepliaklqana.
  8019 | D:11     | Noticed a brown ugly thing
  8019 | D:11     | Noticed an unseen horror
  8039 | D:11     | Killed a brown ugly thing
  8039 | D:11     | Received a gift from Okawaru
  8045 | D:11     | Killed an unseen horror
  8046 | D:11     | Got an iridescent glaive {god gift}
  8103 | D:11     | Noticed a two-headed ogre
  8254 | D:11     | Noticed Sonja
  8309 | D:11     | Killed Sonja
  8309 | D:11     | Reached skill level 1 in Shields
  8347 | D:11     | Killed a two-headed ogre
  8454 | D:11     | Found a staircase to the Orcish Mines.
  8622 | D:12     | Reached XP level 12. HP: 110/122 MP: 13/13
  8776 | D:12     | Noticed Azrael
  8787 | D:12     | Killed Azrael
  8787 | D:12     | Received a gift from Okawaru
  8798 | D:12     | Reached skill level 14 in Unarmed Combat
  9019 | D:12     | Received a gift from Okawaru
  9291 | D:12     | Received a gift from Okawaru
  9310 | D:12     | Identified the +10 glaive "Silogh" {venom, Int+3} (Okawaru
                  | gifted it to you on level 11 of the Dungeon)
 10098 | D:13     | Noticed a two-headed ogre
 10116 | D:13     | Killed a two-headed ogre
 10275 | D:13     | Found a gate to the Vaults.
 10352 | D:13     | Reached skill level 5 in Invocations
 10518 | D:13     | Noticed Urug
 10531 | D:13     | Killed Urug
 11323 | Lair:1   | Entered Level 1 of the Lair of Beasts
 11384 | Lair:1   | Noticed a five-headed hydra
 11401 | Lair:1   | HP: 6/124 [wolf spider (8)]
 11435 | D:9      | Slain by a wolf spider

Levels and vault maps discovered:
D:1:      sevenhm_arrival_forest_fort_large_2, layout_basic,
          kennysheep_minor_cross
D:2:      layout_basic, minmay_pentomino_w4
D:3:      cheibrodos_pilgrimage, layout_loops_cross, first_ration, st_stairs_8,
          uniq_robin
D:4:      layout_basic, okawaru_ov_weapons_minmay, minmay_temple_entry_wispy
D:5:      layout_loops_cross, kennysheep_cross_room, kennysheep_generic_room_7,
          uniq_pikel
D:6:      layout_rooms, old_standard_altar, serial_shops, nicolae_shop_stone,
          uniq_eustachio
D:7:      layout_basic, gammafunk_temple_overflow_forgotten, grunt_ogre_cave,
          uniq_crazy_yiuf_cottage, uniq_harold
D:8:      layout_basic, kennysheep_mini, hangedman_misty_isle, uniq_psyche,
          uniq_grum, uniq_maurice
D:9:      layout_rooms, due_lair_maze_entry_diamond
D:10:     layout_rooms, trove_entry_hex_spiral
D:11:     layout_loops_ring, orc_0_dummy, basic_altar, kb_rosetta, uniq_sonja
D:12:     layout_stronghold, uniq_azrael
D:13:     layout_small_grid, david_vaults_1, uniq_urug
Lair:1:   minmay_lair_venomous_thicket, layout_loops_ring,
          gammafunk_ghost_arena, gauntlet_entry_generic,
          nicolae_volcano_entry_hallway

Skill      XL: |  1  2  3  4  5  6  7  8  9 10 11 12 |
---------------+-------------------------------------+-----
Throwing       | 1 2 3 4 5 6 7 8 |  8.0
Unarmed Combat | 4 5 6 7 8 10 12 13 14 | 14.9
Fighting       | 3 4 5 6 7 8 9 |  9.5
Invocations    | 3 5 |  5.2
Shields        | 1 4 |  4.1
Dodging        | |  2.4
Stealth        | |  1.0

Action                   |  1- 3 |  4- 6 |  7- 9 | 10-12 || total
-------------------------+-------+-------+-------+-------++-------
Melee: Unarmed           |    77 |   268 |   260 |   757 ||  1362
       Punch             |     1 |     4 |    15 |    20 ||    40
Throw: Large rock        |       |       |       |     2 ||     2
Invok: Heroism           |       |       |       |     4 ||     4
       Finesse           |       |       |       |     4 ||     4
  Use: Scroll            |       |       |    17 |    11 ||    28
       Potion            |       |       |       |     3 ||     3
 Stab: Sleeping          |     2 |       |     4 |     5 ||    11
       Distracted        |       |     1 |       |       ||     1
  Eat: Chunk             |     9 |    21 |    22 |    75 ||   127
Armor: Robe              |    32 |    89 |       |       ||   121
       Animal skin       |       |     1 |    99 |   306 ||   406
Dodge: Dodged            |    49 |   150 |    93 |   283 ||   575
Block: Large shield      |       |       |       |   219 ||   219
